 Dungeon Crawl Stone Soup version 0.29-a0-1016-g236c7fd91e (webtiles) character file.

Game seed: 16413839474391203892

21 gelatine the Grave Robber (level 2, 0/19 HPs)
             Began as a Demonspawn Necromancer on Aug 9, 2022.
             Slain by a gnoll
             ... wielding a +0 club
              (5 damage)
             ... on level 1 of the Dungeon.
             The game lasted 00:01:32 (532 turns).

gelatine the Grave Robber (Demonspawn Necromancer)   Turns: 532, Time: 00:01:33

Health: 0/19       AC:  2    Str:  8    XL:     2   Next: 62%
Magic:  1/5        EV: 12    Int: 16    God:
Gold:   54         SH:  0    Dex: 13    Spells: 4/5 levels left

rFire   . . .      SeeInvis .   (no weapon)
rCold   . . .      Faith    .   (no shield)
rNeg    . . .      Spirit   .   a - +0 robe
rPois   .          Reflect  .   (no helmet)
rElec   .          Harm     .   (no cloak)
rCorr   .          Rampage  .   (no gloves)
Will    .....                   (no boots)
Stlth   ++........              (no amulet)
HPRegen 0.06/turn               (no ring)
MPRegen 0.09/turn               (no ring)

@: no status effects
A: powered by pain 1
a: no special abilities


You were on level 1 of the Dungeon.
You visited 1 branch of the dungeon, and saw 1 of its levels.

You collected 54 gold pieces.

Inventory:

Armour
 a - a +0 robe (worn)
Scrolls
 c - a scroll of summoning {unknown}
 d - a scroll of brand weapon {unknown}
 e - a scroll of identify {unknown}
 f - a scroll of enchant weapon {unknown}
 g - a scroll of teleportation {unknown}
Potions
 b - a potion of magic


   Skills:
 + Level 1.8 Dodging
 + Level 2.0 Stealth
 + Level 2.1 Spellcasting
 + Level 5.0 Necromancy


You had 4 spell levels left.
You knew the following spells:

 Your Spells              Type           Power      Damage    Failure   Level
a - Necrotise             Necr           68%        1d7       2%          1

Your spell library contained the following spells:

 Spells                   Type           Power      Damage    Failure   Level
 Vampiric Draining        Necr           17%        2d7       8%          3
 Animate Dead             Necr           17%        N/A       26%         4
 Agony                    Necr           17%        N/A       56%         5


Dungeon Overview and Level Annotations

Branches:
Dungeon (1/15)

Altars:


Innate Abilities, Weirdness & Mutations

You sometimes gain a little power by taking damage.


Message History

There is an open door here.
The gnoll barely resists.
The gnoll writhes in agony.
Your frilled lizard skeleton barely misses the gnoll.
The gnoll hits you with a +0 club!
The gnoll barely resists.
Your frilled lizard skeleton misses the gnoll.
The gnoll barely misses you.
You are out of magic!
You hit the gnoll but do no damage.
The gnoll is severely wounded.
The gnoll hits you with a +0 club.
You barely miss the gnoll.
The gnoll is severely wounded.
Your frilled lizard skeleton bites the gnoll but does no damage.
The gnoll barely misses you.
You hit the gnoll but do no damage.
The gnoll is severely wounded.
Your frilled lizard skeleton bites the gnoll.
The gnoll hits your frilled lizard skeleton with a +0 club!
You hit the gnoll.
The gnoll is almost dead.
Your frilled lizard skeleton bites the gnoll but does no damage.
The gnoll hits your frilled lizard skeleton with a +0 club.
Your frilled lizard skeleton is destroyed!
The gnoll shouts!
You closely miss the gnoll.
The gnoll is almost dead.
The gnoll hits you with a +0 club.
You hit the gnoll but do no damage.
The gnoll is almost dead.
The gnoll hits you with a +0 club.
* * * LOW HITPOINT WARNING * * *
You hit the gnoll but do no damage.
The gnoll is almost dead.
The gnoll closely misses you.
You barely miss the gnoll.
The gnoll is almost dead.
The gnoll hits you with a +0 club.
You die...

#.#.. #.#.# ..# #.#.#
.### #.# #.#.# # ..# #.#
#.#.####### ..#.# #.#
#.#.#.....#
....###.#####.#.#.....##
###.............@......>
#).##.........#.#g....##
....#.........#.#.......
)..)#...#####.#.#.......
#))#).### ###.##+#....
.###........ #.# ####
.....#####.. #..
......Z. ..# ........


You could see a gnoll.

Vanquished Creatures
  2 bats (D:1)
  2 giant cockroaches (D:1)
  A goblin (D:1)
  2 hobgoblins (D:1)
  4 kobolds (D:1)
  A quokka (D:1)
  6 frilled lizards (D:1)
  A rat (D:1)
19 creatures vanquished.

Vanquished Creatures (collateral kills)
  An endoplasm (D:1)
  A bat (D:1)
2 creatures vanquished.

Grand Total: 21 creatures vanquished

Notes
Turn   | Place    | Note
-------+----------+-------------------------------------------
     0 | D:1      | gelatine the Demonspawn Necromancer began the quest for the
                  | Orb.
     0 | D:1      | Reached XP level 1. HP: 13/13 MP: 3/3
   217 | D:1      | Gained mutation: You sometimes gain a little power by
                  | taking damage. [demonic ancestry]
   217 | D:1      | Reached XP level 2. HP: 19/19 MP: 1/5
   396 | D:1      | Reached skill level 5 in Necromancy
   532 | D:1      | Slain by a gnoll

Illustrated notes

Levels and vault maps discovered:
D:1:      pf_arrival_petrified_forest, layout_basic, minmay_tetromino_l4

Skill      XL: |  1  2 |
---------------+-------+-----
Stealth        | 2 |  2.0
Necromancy     | 5 |  5.0
Dodging        | |  1.8
Spellcasting   | |  2.1

Action                   || total
-------------------------++-------
Melee: Unarmed           ||     8
 Cast: Necrotise         ||    29
Armor: Robe              ||     2
Dodge: Dodged            ||     5

Table legend: (Time is in decaauts)
 A = Elapsed time spent in this place.
 B = Non-inter-level travel time spent in this place.
 C = Inter-level travel time spent in this place.
 D = Time resting spent in this place.
 E = Time spent auto-exploring this place.
 F = Levels seen in this place.
 G = Mean time per level.
                   A        B        C        D        E       F      G
               +--------+--------+--------+--------+--------+-----+--------+
         Total |    532 |    532 |      0 |      0 |    448 |   1 |  532.0 |
       Dungeon |    532 |    532 |      0 |      0 |    448 |   1 |  532.0 |
               +--------+--------+--------+--------+--------+-----+--------+

Top non-repeatable levels by time:
     D:1: 532 daAuts
